 Dungeon Crawl Stone Soup version 0.28.0-43-g3370ac3207 (webtiles) character file.

Game seed: 16151594981350443134

28345 croobank the Protected (level 13, -4/97 HPs)
             Began as a Hill Orc Fighter on Apr 1, 2022.
             Was a High Priest of Beogh.
             Slain by an earth elemental (26 damage)
             ... in a volcano.
             The game lasted 01:10:04 (12901 turns).

croobank the Protected (Hill Orc Fighter)          Turns: 12901, Time: 01:10:04

Health: -4/97      AC: 30    Str: 30    XL:     13   Next: 38%
Magic:  13/13      EV: 11    Int:  8    God:    Beogh [*****.]
Gold:   978        SH:  6    Dex: 10    Spells: 12/12 levels left

rFire   + . .      SeeInvis .   a - +9 short sword (venom)
rCold   + . .      Faith    .   c - +0 buckler
rNeg    . . .      Spirit   .   s - +6 chain mail of Dramatic Exits {Harm *Slow rC+ Regen+}
rPois   .          Reflect  .   q - +1 helmet
rElec   .          Harm     +   f - +2 cloak
rCorr   .          Rampage  .   t - +1 pair of gloves
Will    .....                   j - +2 pair of boots
Stlth   ..........              (no amulet)
HPRegen 1.06/turn               T - +6 ring of strength
MPRegen 0.13/turn               X - ring of protection from fire

@: no status effects
A: walk on water
a: Renounce Religion, Smiting, Recall Orcish Followers, Give Item to Named
Follower


You were in a volcano.
You worshipped Beogh.
Beogh was extremely pleased with you.
You visited 3 branches of the dungeon, and saw 17 of its levels.
You also visited: Volcano.

You collected 1082 gold pieces.
You spent 104 gold pieces at shops.

Inventory:

Hand Weapons
 a - a +9 short sword of venom (weapon)
 b - a +1 hunting sling
 e - a +3 quarterstaff of chaos
 k - the +4 mace "Hydraslayer" {vorpal, +Blink}
   (You found it on level 2 of the Dungeon)

   It inflicts extra damage upon your enemies.
   +Blink:    It lets you blink.
 F - a +3 war axe
 I - a +4 flail of freezing
 N - a +2 battleaxe
 Q - a +0 dire flail
Missiles
 i - 178 sling bullets
 B - 3 curare-tipped darts (quivered)
Armour
 c - a +0 buckler (worn)
 f - a +2 cloak (worn)
 j - a +2 pair of boots (worn)
 q - a +1 helmet (worn)
 r - a +0 plate armour
 s - the +6 chain mail of Dramatic Exits (worn) {Harm *Slow rC+ Regen+}
   (You found it on level 2 of the Dungeon)

   rC:        It protects you from cold.
   Regen:     It increases your rate of health regeneration.
   *Slow:     It may slow you when you take damage.
   Harm:      It increases damage dealt and taken.
 t - a +1 pair of gloves (worn)
 R - an orb of light
Jewellery
 d - an amulet of magic regeneration
 p - a +6 ring of intelligence
 E - a ring of resist corrosion
 L - the ring of Ketuing {Fly rPois Str-5 SInv}
   (You found it on level 7 of the Dungeon)

   [ring of see invisible]

   Str:       It affects your strength (-5).
   rPois:     It protects you from poison.
   SInv:      It lets you see invisible.
   Fly:       It grants you flight.
 P - a +4 ring of evasion
 T - a +6 ring of strength (left hand)
 V - a +6 ring of dexterity
 X - a ring of protection from fire (right hand)
 Z - a ring of willpower
Wands
 y - a wand of digging (10)
 D - a wand of flame (8)
 H - a wand of acid (18)
 J - a wand of mindburst (6)
 M - a wand of iceblast (16)
Scrolls
 g - 2 scrolls of identify
 m - a scroll of amnesia
 n - a scroll of summoning
 u - 4 scrolls of teleportation
 x - 5 scrolls of blinking
 W - a scroll of fear
 Y - 3 scrolls of immolation
Potions
 l - 2 potions of brilliance
 o - 5 potions of flight
 v - a potion of invisibility
 w - 2 potions of might
 z - 4 potions of resistance
 A - 5 potions of heal wounds
 C - a potion of magic
 G - 9 potions of curing
 K - 2 potions of mutation
 O - a potion of berserk rage
 S - 3 potions of lignification
 U - 4 potions of haste


   Skills:
 - Level 4.3 Fighting
 + Level 10.4 Short Blades
 + Level 10.3(11.3) Axes
 - Level 6.0(8.2) Maces & Flails
 + Level 11.7 Armour
 + Level 8.4 Dodging
 + Level 11.7 Shields


You had 12 spell levels left.
You didn't know any spells.
Your spell library contained the following spells:

 Spells                   Type           Power      Damage    Failure   Level
 Animate Skeleton         Necr           0%         N/A       88%         1
 Apportation              Tloc           0%         N/A       88%         1
 Freeze                   Ice            0%         1d3       88%         1
 Magic Dart               Conj           0%         1d3       88%         1
 Sandblast                Erth           0%         2d4       88%         1
 Shock                    Conj/Air       0%         1d3       88%         1
 Sting                    Tmut/Pois      0%         1d3       88%         1
 Summon Small Mammal      Summ           0%         N/A       88%         1
 Blink                    Tloc           0%         N/A       96%         2
 Call Imp                 Summ           0%         N/A       96%         2
 Passwall                 Tmut/Erth      0%         N/A       96%         2
 Poisonous Vapours        Pois/Air       0%         N/A       96%         2
 Confusing Touch          Hex            0%         N/A       99%         3
 Dazzling Flash           Conj/Hex       0%         N/A       99%         3
 Frozen Ramparts          Ice            0%         1d2       99%         3
 Lesser Beckoning         Tloc           0%         N/A       99%         3
 Mephitic Cloud           Conj/Pois/Air  0%         N/A       99%         3
 Stone Arrow              Conj/Erth      0%         3d7       99%         3
 Swiftness                Air            0%         N/A       99%         3
 Airstrike                Air            0%         N/A       100%        4
 Animate Dead             Necr           0%         N/A       100%        4
 Hailstorm                Conj/Ice       0%         3d3       100%        4
 Iskenderun's Mystic Bla  Conj/Tloc      0%         2d3       100%        4
 Olgreb's Toxic Radiance  Pois           0%         N/A       100%        4
 Summon Ice Beast         Ice/Summ       0%         N/A       100%        4
 Alistair's Intoxication  Tmut/Pois      0%         N/A       100%        5
 Borgnjor's Vile Clutch   Necr/Erth      0%         N/A       100%        5
 Manifold Assault         Tloc           0%         N/A       100%        5
 Summon Mana Viper        Hex/Summ       0%         N/A       100%        5
 Yara's Violent Unravell  Hex/Tmut       0%         3d3       100%        5
 Eringya's Noxious Bog    Tmut/Pois      0%         N/A       100%        6
 Starburst                Conj/Fire      0%         6d3       100%        6
 Enfeeble                 Hex            0%         N/A       100%        7
 Haunt                    Necr/Summ      0%         N/A       100%        7
 Monstrous Menagerie      Summ           0%         N/A       100%        7
 Infestation              Necr           0%         N/A       100%        8


Dungeon Overview and Level Annotations

Branches:
Dungeon (12/15)            Temple (0/1) D:7            Lair (4/6) D:8
  Snake (0/4) Lair:3          Orc (1/2) D:12        Volcano (1/1)
  Swamp: Lair:2-4    Shoals: Lair:2-4

Altars:
Hepliaklqana
Trog
Uskayaw

Shops:
D:3 *   D:5 (

Annotations:
D:9 1 runed translucent door, Zeor's ghost, novice DjCA
D:11 2 transporters
Lair:4 2 transporters, exclusions: ice statue and oklob plant, GloriousHammer's ghost, journeyman GrEE
Orc:1 Fannar


Message History

You barely miss the molten gargoyle.
The molten gargoyle is moderately damaged.
You block the molten gargoyle's attack.
You puncture the molten gargoyle!
The molten gargoyle is severely damaged.
The molten gargoyle hits you but does no damage.
You hit the molten gargoyle.
The molten gargoyle is almost destroyed.
You hit the molten gargoyle but do no damage.
The molten gargoyle is almost destroyed.
The molten gargoyle blasts magma at you!
The bolt of magma hits you! You partially resist.
You completely miss the molten gargoyle.
The molten gargoyle is almost destroyed.
You block the molten gargoyle's attack.
You hit the molten gargoyle but do no damage.
The molten gargoyle is almost destroyed.
You hit the molten gargoyle.
You destroy the molten gargoyle!
Beogh accepts your kill.
You hit the earth elemental.
The earth elemental is lightly damaged.
You hit the earth elemental but do no damage.
The earth elemental is lightly damaged.
The earth elemental hits you!
* * * LOW HITPOINT WARNING * * *
Throw: 2 boomerangs (disperse)
Press: ? - help, Q - select action, (/) - cycle Shift-Dir - straight line, f - earth elemental
Aim: an earth elemental (lightly damaged, 81% to hit)
You throw a boomerang of dispersal.
The boomerang of dispersal hits the earth elemental but does no damage.
The earth elemental is lightly damaged.
Throw: boomerang (disperse)
Press: ? - help, Q - select action, (/) - cycle Shift-Dir - straight line, f/p - earth elemental
Aim: an earth elemental (lightly damaged, 81% to hit)
You throw a boomerang of dispersal.
The boomerang of dispersal hits the earth elemental but does no damage.
The earth elemental is lightly damaged.
The earth elemental hits you!!
You die...

+# ##°#
##.≈##
###.≈≈≈# ##
##..≈≈≈≈##
.## ..≈≈≈≈≈≈#
..#
#○≈≈≈≈###E#
#.≈≈≈##@.#
##'###'###
###..###..##
#..........#
#...∩...∩...#
##...≈§≈...##
#○≈☼≈≈≈☼≈≈#
##☼☼≈≈≈☼○##
#########


You could see an earth elemental.

Vanquished Creatures
  Nessos (D:12)
  3 hydras
  3 two-headed ogres
  Urug (Lair:4)
  Sonja (D:11)
  2 cyclopes
  An oklob plant (Lair:2)
  A manticore (D:12)
  Joseph (D:9)
  A molten gargoyle (Volcano)
  2 black mambas (Lair:3)
  5 gargoyles
  7 cane toads
  4 komodo dragons
  A rime drake (Lair:2)
  A kobold demonologist (D:8)
  A troll (D:8)
  2 polar bears
  A hornet (D:9)
  5 slime creatures (D:12)
  5 blink frogs
  A shadow (D:10)
  A wraith (D:11)
  A fire elemental (Volcano)
  2 wyverns
  15 yaks
  2 basilisks
  Eustachio (D:5)
  4 fire bats (D:9)
  2 steam dragons
  A warg (Orc:1)
  A swamp worm (Lair:4)
  Duvessa (D:4)
  12 water moccasins
  3 black bears
  3 orc warriors
  An ice beast (D:5)
  6 ogres
  3 necrophages
  13 wolves
  4 centaurs
  4 kobold brigands
  9 bullfrogs
  7 scorpions
  A wyvern skeleton (D:7)
  Dowan (D:4)
  3 killer bees (D:9)
  10 wights
  4 electric eels
  2 bullfrog zombies (D:5)
  A crimson imp (D:6)
  4 centaur zombies
  3 orc priests
  A bullfrog skeleton (D:7)
  2 hounds
  Crazy Yiuf (D:2)
  A gnoll shaman (D:6)
  3 jellies
  3 centaur skeletons
  Ijyb (D:4)
  Natasha (twice) (D:4)
  An iguana (D:6)
  4 orc wizards
  A hound skeleton (D:5)
  2 howler monkey zombies
  Robin (D:2)
  3 gnolls (D:6)
  3 adders
  A howler monkey skeleton (D:7)
  A shadow imp (D:6)
  2 white imps (D:6)
  An ufetubus (D:6)
  2 worms (D:2)
  A dart slug (D:1)
  23 orcs
  6 ball pythons
  11 endoplasms
  2 giant cockroaches
  12 goblins
  5 hobgoblins
  31 kobolds
  4 quokkas
  6 bats
  5 frilled lizards
  3 rats
320 creatures vanquished.

Vanquished Creatures (collateral kills)
  An orc knight (Orc:1)
  3 cane toads
  A basilisk (Lair:2)
  A yak (Lair:3)
  A swamp worm (Lair:4)
  An orc warrior (Orc:1)
  An ogre (Orc:1)
  A wolf (Lair:3)
  An electric eel (Lair:2)
  An orc priest (Orc:1)
  An orc wizard (D:11)
  An orc (D:11)
14 creatures vanquished.

Vanquished Creatures (others)
  An orc warrior (Orc:1)
  2 orc wizards
  A bullfrog skeleton (D:5)
  4 orc priests
  6 orcs
  A kobold (D:7)
  35 fungi
  48 plants
98 creatures vanquished.

Grand Total: 432 creatures vanquished

Notes
Turn   | Place    | Note
-------+----------+-------------------------------------------
     0 | D:1      | croobank the Hill Orc Fighter began the quest for the Orb.
     0 | D:1      | Reached XP level 1. HP: 19/19 MP: 1/1
    72 | D:1      | Reached XP level 2. HP: 26/27 MP: 2/2
   363 | D:1      | Found a faded altar of an unknown god.
   559 | D:2      | Reached XP level 3. HP: 33/33 MP: 3/3
   573 | D:2      | Noticed Robin
   618 | D:2      | Killed Robin
   619 | D:2      | Reached XP level 4. HP: 12/41 MP: 4/4
   951 | D:2      | Identified the +6 chain mail of Dramatic Exits {Harm *Slow
                  | rC+ Regen+}
  1055 | D:2      | Reached skill level 1 in Short Blades
  1319 | D:2      | Found a runed translucent door.
  1329 | D:2      | Noticed Crazy Yiuf
  1334 | D:2      | Killed Crazy Yiuf
  1335 | D:2      | Reached XP level 5. HP: 47/47 MP: 5/5
  1343 | D:2      | Identified the +4 mace "Hydraslayer" {vorpal, +Blink}
  1716 | D:3      | Reached skill level 1 in Maces & Flails
  1986 | D:3      | Found Zoarok's General Store.
  1992 | D:3      | Bought a scroll of identify for 22 gold pieces
  1992 | D:3      | Bought a scroll of blinking for 82 gold pieces
  2109 | D:4      | Noticed an ogre
  2117 | D:4      | Killed an ogre
  2118 | D:4      | Reached XP level 6. HP: 53/53 MP: 6/6
  2172 | D:4      | Noticed a black bear
  2181 | D:4      | Killed a black bear
  2199 | D:4      | Noticed Ijyb
  2204 | D:4      | Killed Ijyb
  2265 | D:4      | Noticed Duvessa
  2265 | D:4      | Noticed Dowan
  2280 | D:4      | Killed Duvessa
  2281 | D:4      | Reached skill level 5 in Maces & Flails
  2281 | D:4      | Reached XP level 7. HP: 50/60 MP: 7/7
  2286 | D:4      | Killed Dowan
  2324 | D:4      | Noticed Natasha
  2330 | D:4      | Killed Natasha
  2536 | D:4      | Noticed Natasha
  2542 | D:4      | Killed Natasha
  2630 | D:5      | Entered Level 5 of the Dungeon
  2679 | D:5      | Reached skill level 1 in Dodging
  2697 | D:5      | Found Zeinirr's Weapon Shoppe.
  2702 | D:5      | Reached XP level 8. HP: 67/67 MP: 8/8
  2792 | D:5      | Reached skill level 5 in Armour
  2792 | D:5      | Reached skill level 5 in Shields
  2813 | D:5      | Became a worshipper of Beogh the Brigand
  3086 | D:5      | Noticed Eustachio
  3091 | D:5      | Killed Eustachio
  3540 | D:6      | Reached * piety under Beogh
  3553 | D:6      | Reached XP level 9. HP: 72/72 MP: 9/9
  3894 | D:6      | Reached skill level 5 in Short Blades
  4154 | D:7      | Identified the ring of Ketuing {Fly rPois Str-5 SInv}
  4321 | D:7      | Reached ** piety under Beogh
  4577 | D:7      | Found a staircase to the Ecumenical Temple.
  4918 | D:8      | Noticed a kobold demonologist
  4926 | D:8      | Killed a kobold demonologist
  4927 | D:8      | Reached XP level 10. HP: 80/80 MP: 10/10
  5065 | D:8      | Reached skill level 5 in Dodging
  5192 | D:8      | Reached *** piety under Beogh
  5213 | D:8      | Found a staircase to the Lair.
  5713 | D:9      | Noticed Joseph
  5735 | D:9      | Killed Joseph
  5787 | D:9      | Found a bloodstained altar of Trog.
  6040 | D:9      | Paralysed by a hornet for 3 turns
  6383 | D:9      | Found a runed translucent door.
  6385 | D:9      | Identified the +8 spear of Sitapn {vorpal, rPois rF+ Int-4}
  6385 | D:9      | Noticed Zeor's ghost (novice DjCA)
  6854 | D:10     | Entered Level 10 of the Dungeon
  6991 | D:10     | Noticed a gargoyle
  7010 | D:10     | Killed a gargoyle
  7020 | D:10     | Noticed a gargoyle
  7026 | D:10     | Killed a gargoyle
  7027 | D:10     | Reached XP level 11. HP: 60/85 MP: 11/11
  7081 | D:10     | Reached skill level 5 in Axes
  7184 | D:10     | Found a hide-covered altar of Uskayaw.
  7611 | D:11     | Noticed a two-headed ogre
  7626 | D:11     | Killed a two-headed ogre
  7636 | D:11     | Noticed Sonja
  7649 | D:11     | Killed Sonja
  7715 | D:11     | Found a transporter.
  7715 | D:11     | Noticed an orc sorcerer
  7717 | D:11     | Noticed an orc sorcerer
  7738 | D:11     | Noticed a soul eater
  7740 | D:11     | Noticed a deep elf knight
  7745 | D:11     | Found a transporter.
  7807 | D:11     | Noticed a two-headed ogre
  7812 | D:11     | Killed a two-headed ogre
  7876 | D:11     | Noticed a two-headed ogre
  7943 | D:11     | Noticed a cyclops
  7953 | D:11     | Killed a cyclops
  8406 | D:12     | Noticed a two-headed ogre
  8415 | D:12     | Killed a two-headed ogre
  8462 | D:12     | Noticed a manticore
  8474 | D:12     | Killed a manticore
  8615 | D:12     | Reached **** piety under Beogh
  8701 | D:12     | Found a staircase to the Orcish Mines.
  8788 | D:12     | Noticed a cyclops
  8794 | D:12     | Killed a cyclops
  8795 | D:12     | Reached skill level 10 in Armour
  8795 | D:12     | Reached skill level 10 in Shields
  8871 | D:12     | Reached XP level 12. HP: 49/92 MP: 12/12
  9054 | D:12     | Noticed Nessos
  9075 | D:12     | Killed Nessos
  9288 | Orc:1    | Entered Level 1 of the Orcish Mines
  9352 | Orc:1    | Noticed Fannar
  9485 | Lair:1   | Entered Level 1 of the Lair of Beasts
 10520 | Lair:2   | Noticed a five-headed hydra
 10531 | Lair:2   | Killed a five-headed hydra
 10558 | Lair:2   | Found a bloodstained altar of Trog.
 11022 | Lair:3   | Found a hazy altar of Hepliaklqana.
 11041 | Lair:3   | Reached ***** piety under Beogh
 11042 | Lair:3   | Reached XP level 13. HP: 97/97 MP: 13/13
 11051 | Lair:3   | Reached skill level 10 in Short Blades
 11581 | Lair:3   | Found a staircase to the Snake Pit.
 11776 | Lair:3   | Reached skill level 10 in Axes
 12172 | Lair:4   | Noticed GloriousHammer's ghost (journeyman GrEE)
 12290 | Lair:4   | Found a transporter.
 12315 | Lair:4   | Found a transporter.
 12488 | Lair:4   | Noticed Urug
 12506 | Lair:4   | Killed Urug
 12839 | Lair:4   | Found a dark tunnel.
 12849 | Volcano  | Entered a volcano
 12901 | Volcano  | Slain by an earth elemental

Illustrated notes

Levels and vault maps discovered:
D:1:      minmay_arrival_four_houses, layout_basic,
          shapermc_ecumenical_altar_acropolis, minmay_hexomino_f4
D:2:      layout_basic, serial_forest, infiniplex_forest_clump_small,
          infiniplex_forest_lined_3, infiniplex_forest_straight_2,
          infiniplex_forest_clump_long, infiniplex_forest_lined_3,
          infiniplex_forest_clump_tiny, infiniplex_forest_straight_4,
          infiniplex_forest_lined_3_way, infiniplex_forest_clump_curved,
          uniq_robin, uniq_crazy_yiuf_cottage
D:3:      layout_rooms, serial_shops, shop, minmay_fountain_box
D:4:      layout_basic, kennysheep_generic_room_13, uniq_natasha, uniq_duvessa,
          uniq_ijyb
D:5:      layout_loops_ring, serial_shops, shop, nicolae_figureground_sparkle,
          uniq_eustachio
D:6:      layout_loops_ring, minmay_fire_ice_demons
D:7:      layout_rooms, minmay_temple_entry_ruins, minmay_unpleasant_kobolds
D:8:      layout_basic, grunt_lair_entry_orc_guard_hut
D:9:      layout_layer_cave, mainiacjoe_overflow_concentric_impassable,
          ebering_ghost_funeral_grove, hangedman_incinerator, uniq_joseph
D:10:     cheibrodos_statue_roulette, layout_long_grid,
          mainiacjoe_overflow_alcove_1
D:11:     gammafunk_wand_slinger, layout_basic, uniq_sonja
D:12:     layout_basic, orc_0_dummy, uniq_nessos
Lair:1:   layout_chaotic_city, serial_bayou_pond_a, infiniplex_staircase_pool
Lair:2:   minmay_lair_oklob_chamber, layout_misc_corridors, basic_altar,
          grunt_forest_stairs_basic, disabler_island
Lair:3:   layout_layer_cave, dummy_snake_entry, basic_altar,
          nicolae_quartered_pool_impasse, grunt_megastairs_1
Lair:4:   layout_regular_city, nicolae_swamp_entry_splash_gauntlet,
          nicolae_volcano_entry_vermiform, nzn_ghost_randoct, minivault_11,
          lemuel_old_faithful, lemuel_fruit_tree, grunt_megastairs_2, uniq_urug
Orc:1:    nicolae_orc_accident_2, layout_diamond_mine, uniq_fannar
Volcano:  volcano_aerie

Skill      XL: |  1  2  3  4  5  6  7  8  9 10 11 12 13 |
---------------+----------------------------------------+-----
Axes           | 3 4 7 9 10 | 10.3
Fighting       | 4 |  4.3
Short Blades   | 2 3 4 6 7 8 9 10 | 10.4
Maces & Flails | 3 5 6 |  6.0
Armour         | 4 6 7 8 10 11 | 11.7
Shields        | 4 6 7 8 10 11 | 11.7
Dodging        | 1 3 4 5 6 8 |  8.4

Action                   |  1- 3 |  4- 6 |  7- 9 | 10-12 | 13-15 || total
-------------------------+-------+-------+-------+-------+-------++-------
Melee: War axe           |    91 |    39 |       |       |       ||   130
       Short sword       |       |    28 |   284 |   632 |   145 ||  1089
       Mace              |       |    28 |       |       |       ||    28
Throw: Dart              |       |     8 |     2 |       |       ||    10
       Boomerang         |       |       |     4 |     6 |     2 ||    12
Invok: Convert to Beogh  |       |       |     1 |       |       ||     1
       Smiting           |       |       |       |     2 |       ||     2
       Recall Orcish Fol |       |       |       |     1 |       ||     1
Evoke: Wand              |       |       |       |    17 |     2 ||    19
  Use: Potion            |     3 |     2 |     2 |       |       ||     7
       Scroll            |       |     7 |    13 |    10 |       ||    30
 Stab: Invisible         |       |     1 |     1 |       |       ||     2
       Paralysed         |       |       |       |     2 |     1 ||     3
       Distracted        |       |       |       |     1 |     1 ||     2
Armor: Scale mail        |    57 |     1 |       |       |       ||    58
       Chain mail        |       |    61 |   170 |   336 |    66 ||   633
Dodge: Dodged            |    44 |    33 |    92 |   210 |    49 ||   428
Block: Buckler           |    18 |    22 |    53 |   141 |    29 ||   263
